 Dungeon Crawl Stone Soup version 0.26.1-2-gb8aa6d0cf2 (webtiles) character file.

Game seed: 2446371884218623558

1596 nightchill the Spear-Bearer (level 8, -3/58 HPs)
             Began as a Merfolk Fighter on Mar 29, 2021.
             Was a Believer of Hepliaklqana.
             Slain by an orc warrior
             ... wielding a +1 glaive of protection
              (18 damage)
             ... on level 6 of the Dungeon.
             The game lasted 00:09:20 (6928 turns).

nightchill the Spear-Bearer (Merfolk Fighter)       Turns: 6928, Time: 00:09:21

Health: -3/58      AC:  6    Str: 24    XL:     8   Next: 93%
Magic:  11/11      EV:  8    Int:  8    God:    Hepliaklqana [**....]
Gold:   455        SH: 15    Dex: 13    Spells: 7/7 levels left

rFire    . . .     SeeInvis .   a - +0 trident
rCold    . . .     Faith    .   c - +0 kite shield
rNeg     . . .     Spirit   .   i - +0 ring mail
rPois    .         Reflect  +   (no helmet)
rElec    .         Harm     .   e - +0 cloak
rCorr    .         Rampage  .   (no gloves)
Will     +....                  (no boots)
Stlth    +.........             g - amulet of reflection
HPRegen  0.19/turn              l - +6 ring of strength
MPRegen  0.12/turn              y - ring of willpower

@: no status effects
A: change form in water, swift swim, stealthy swim, reduced essence
a: Renounce Religion, Recall Ancestor, Ancestor Identity


You were on level 6 of the Dungeon.
You worshipped Hepliaklqana.
Hepliaklqana was pleased with you.
You visited 1 branch of the dungeon, and saw 6 of its levels.

You collected 455 gold pieces.

Inventory:

Hand Weapons
 a - a +0 trident (weapon)
Missiles
 m - a throwing net (quivered)
 F - 2 curare-tipped darts
Armour
 b - a +0 scale mail
 c - a +0 kite shield (worn)
 e - a +0 cloak (worn)
 i - a +0 ring mail (worn)
Jewellery
 g - an amulet of reflection (around neck)
 l - a +6 ring of strength (left hand)
 y - a ring of willpower (right hand)
Wands
 A - a wand of polymorph (11)
Scrolls
 f - 2 scrolls of immolation {unknown}
 h - 2 scrolls of magic mapping
 n - 3 scrolls of enchant armour {unknown}
 p - 2 scrolls of teleportation {unknown}
 t - 2 scrolls of blinking {unknown}
 u - 4 scrolls of enchant weapon {unknown}
 v - 2 scrolls of noise {unknown}
 w - a scroll of random uselessness {unknown}
 z - 3 scrolls of remove curse {unknown}
 B - a scroll of amnesia {unknown}
 D - 2 scrolls of holy word {unknown}
 E - a scroll of identify
Potions
 d - a potion of might
 j - 5 potions of degeneration
 k - a potion of heal wounds
 o - a potion of flight
 q - 2 potions of mutation
 r - 4 potions of curing
 s - 4 potions of haste
 x - a potion of attraction
 C - a potion of brilliance {unknown}


   Skills:
 + Level 6.8 Fighting
 * Level 10.8 Polearms
 - Level 2.7 Armour
 - Level 3.7 Shields
 + Level 5.2 Invocations


You had 7 spell levels left.
You didn't know any spells.
Your spell library contained the following spells:

 Spells                   Type           Power        Failure   Level
 Corona                   Hex            0%           96%         1
 Sandblast                Erth           0%           96%         1
 Passwall                 Tmut/Erth      0%           99%         2
 Slow                     Hex            0%           99%         2
 Inner Flame              Hex/Fire       0%           100%        3
 Portal Projectile        Hex/Tloc       0%           100%        3
 Stone Arrow              Conj/Erth      0%           100%        3
 Cause Fear               Hex            0%           100%        4
 Leda's Liquefaction      Hex/Erth       0%           100%        4
 Petrify                  Tmut/Erth      0%           100%        4
 Lee's Rapid Deconstruct  Erth           0%           100%        5


Dungeon Overview and Level Annotations

Branches:
Dungeon (6/15)             Temple (0/1) D:6

Altars:
Dithmenos
Hepliaklqana
Makhleb
Qazlal
Trog
Vehumet
Xom
Yredelemnul

Shops:
D:4 **

Annotations:
D:2 exclusion: downstairs


Message History

Press: ? - help, Dir - move target, f/p - orc warrior
Aim: an orc warrior, wielding a +1 glaive of protection and wearing a +0 plate armour (moderately wounded, lightly drained)
You reach to attack!
You hit the orc warrior.
The orc warrior is heavily wounded.
Shatu-murrim hits the orc warrior but does no damage.
Reach: a) +0 trident
Press: ? - help, Dir - move target, f/p - orc warrior
Aim: an orc warrior, wielding a +1 glaive of protection and wearing a +0 plate armour (heavily wounded, lightly drained)
You could not reach far enough!
The orc warrior hits you from afar with a +1 glaive of protection!
* * * LOW HITPOINT WARNING * * *
Shatu-murrim gestures at the orc warrior while chanting.
The orc warrior resists with some effort.
Reach: a) +0 trident
Press: ? - help, Dir - move target, f/p - orc warrior
Aim: an orc warrior, wielding a +1 glaive of protection and wearing a +0 plate armour (heavily wounded, lightly drained)
You reach to attack!
You puncture the orc warrior!
The orc warrior is severely wounded.
The orc warrior hits you from afar with a +1 glaive of protection!!
You die...

#...##### ...
?.# #.)......
##.##..#
.....#### #.#
..# ......#
#.. ..
.........
####.#
.......## {..
.....#.# #o#
#........
#R#####
######.##
#.@...# .#
#P.P#.## #
####.##(.#
#.##P#...#P.#
#.#....>....#
#.<.P#...#P##
###..###.####
###......P.P#
#......#...##


You could see the friendly Shatu-murrim the hexer and an orc warrior (drained).

Vanquished Creatures
  Grinder (D:3)
  An ogre (D:4)
  A centaur (D:5)
  2 bullfrogs (D:6)
  An elf skeleton (D:4)
  5 killer bees (D:6)
  A hound (D:6)
  4 orc priests
  A human zombie (D:4)
  Jessica (D:2)
  A bullfrog skeleton (D:6)
  2 human skeletons (D:4)
  2 worker ants
  Natasha (thrice) (D:4)
  A gnoll (D:1)
  7 adders
  3 shadow imps (D:6)
  An ufetubus (D:6)
  2 adder skeletons
  2 dart slugs
  5 leopard geckos
  8 orcs
  7 giant cockroaches
  7 goblins
  3 hobgoblins
  A jackal (D:4)
  2 quokkas
  2 ball pythons
  5 bats
  A frilled lizard (D:5)
  7 kobolds
  A leopard gecko skeleton (D:6)
  2 quokka skeletons (D:6)
  10 rats
103 creatures vanquished.

Vanquished Creatures (collateral kills)
  An elf zombie (D:4)
  A bullfrog (D:6)
  A bullfrog skeleton (D:6)
  A hound (D:5)
  An orc wizard (D:3)
  An adder (D:3)
  An adder zombie (D:5)
  A worm (D:4)
  2 leopard geckos (D:3)
  6 orcs
  A hobgoblin (D:3)
  2 jackals (D:4)
  3 bats (D:3)
  A frilled lizard (D:3)
  A kobold (D:3)
  An orc skeleton (D:4)
  A rat (D:3)
  A spectral orc (D:4)
27 creatures vanquished.

Vanquished Creatures (others)
  A wizard (D:3)
  A hexer (D:6)
  2 ancestors
4 creatures vanquished.

Grand Total: 134 creatures vanquished

Notes
Turn   | Place    | Note
-------+----------+-------------------------------------------
     0 | D:1      | nightchill the Merfolk Fighter began the quest for the Orb.
     0 | D:1      | Reached XP level 1. HP: 18/18 MP: 1/1
   139 | D:1      | Reached XP level 2. HP: 23/24 MP: 2/2
   615 | D:1      | Reached XP level 3. HP: 12/30 MP: 3/3
  1202 | D:2      | Found a hazy altar of Hepliaklqana.
  1204 | D:2      | Found a shimmering altar of Xom.
  1205 | D:2      | Noticed a spectral ugly thing
  1264 | D:2      | Found a radiant altar of Vehumet.
  1264 | D:2      | Found a burning altar of Makhleb.
  1519 | D:2      | Reached XP level 4. HP: 37/37 MP: 4/4
  1541 | D:2      | Noticed Jessica
  1546 | D:2      | Killed Jessica
  1547 | D:2      | Reached skill level 4 in Polearms
  2013 | D:2      | Became a worshipper of Hepliaklqana the Forgotten
  2182 | D:3      | Found a faded altar of an unknown god.
  2190 | D:3      | Reached XP level 5. HP: 36/37 MP: 5/5
  2218 | D:3      | Reached skill level 5 in Polearms
  2227 | D:3      | Reached skill level 1 in Invocations
  2426 | D:3      | Found a shadowy altar of Dithmenos.
  2921 | D:3      | Reached XP level 6. HP: 15/44 MP: 7/7
  3350 | D:3      | Noticed Grinder
  3371 | D:3      | Killed Grinder
  3372 | D:3      | Reached skill level 5 in Fighting
  3372 | D:3      | Reached skill level 6 in Polearms
  3372 | D:3      | Reached XP level 7. HP: 16/50 MP: 8/8
  3741 | D:3      | Found a bloodstained altar of Trog.
  3742 | D:3      | Noticed a wizard
  3748 | D:3      | Killed a wizard
  3937 | D:4      | Reached skill level 7 in Polearms
  3967 | D:4      | Found a basalt altar of Yredelemnul.
  4077 | D:4      | Found Wutif's Assorted Antiques.
  4198 | D:4      | Reached * piety under Hepliaklqana
  4262 | D:4      | Noticed Natasha
  4267 | D:4      | Killed Natasha
  4284 | D:4      | Found Isiery's Assorted Antiques.
  4532 | D:4      | Noticed Natasha
  4550 | D:4      | Killed Natasha
  4558 | D:4      | Noticed Natasha
  4567 | D:4      | Killed Natasha
  4728 | D:4      | Reached skill level 8 in Polearms
  4799 | D:4      | Reached XP level 8. HP: 40/57 MP: 10/10
  5120 | D:5      | Entered Level 5 of the Dungeon
  5137 | D:5      | Found a shadowy altar of Dithmenos.
  5596 | D:5      | Reached skill level 9 in Polearms
  6125 | D:6      | Found a stormy altar of Qazlal.
  6157 | D:6      | Reached ** piety under Hepliaklqana
  6161 | D:6      | Remembered your ancestor Shatu-murrim as a hexer
  6376 | D:6      | Reached skill level 10 in Polearms
  6421 | D:6      | Reached skill level 5 in Invocations
  6898 | D:6      | Found a staircase to the Ecumenical Temple.
  6928 | D:6      | Slain by an orc warrior

Illustrated notes

Levels and vault maps discovered:
D:1:      nzn_arrival_water_spiral, layout_basic
D:2:      layout_basic, gammafunk_temple_overflow_wave,
          regret_index_temple_of_mockery, uniq_jessica
D:3:      wander_river, layout_basic, chequers_ecumenical_altar_simple_redux,
          kennysheep_flooded_box, minmay_misc_feat_enclosed, trog_wizard,
          uniq_grinder
D:4:      layout_basic, yredelemnul_forgotten_temple_becter,
          nicolae_ossuary_entry_catacombs, serial_shops,
          nicolae_shop_statue_plus, shop, kennysheep_generic_room_10,
          uniq_natasha
D:5:      layout_loops_corners, nicolae_dithmenos_the_darkroom
D:6:      layout_loops_cross, lemuel_crystal_altar,
          minmay_temple_entry_gardened_gates

Skill      XL: |  1  2  3  4  5  6  7  8 |
---------------+-------------------------+-----
Fighting       | 4 5 6 |  6.8
Polearms       | 4 5 6 8 10 | 10.8
Invocations    | 1 2 3 5 |  5.2
Armour         | |  2.7
Shields        | |  3.7

Action                   |  1- 3 |  4- 6 |  7- 9 || total
-------------------------+-------+-------+-------++-------
Melee: Trident           |   107 |   121 |   234 ||   462
Invok: Ancestor Life: He |       |       |     1 ||     1
  Use: Scroll            |       |       |     8 ||     8
       Potion            |       |       |     2 ||     2
 Stab: Distracted        |       |     2 |       ||     2
       Confused          |       |       |     1 ||     1
Armor: Scale mail        |    12 |       |       ||    12
       Ring mail         |    18 |    33 |    37 ||    88
Dodge: Dodged            |    18 |    22 |    40 ||    80
Block: Kite shield       |    41 |    31 |   111 ||   183
       Reflection        |       |       |     1 ||     1
